 Dungeon Crawl Stone Soup version 0.29.1-1-gd02db6906a (webtiles) character file.

Game seed: 16241128589677085299

21047 funnyparkerb the Bludgeoner (level 12, -1/106 HPs)
             Began as a Minotaur Monk on Oct 10, 2022.
             Was a High Priest of Okawaru.
             Killed from afar by a bog body (24 damage)
             ... with a bolt of cold
             ... on level 2 of the Lair of Beasts.
             The game lasted 00:30:15 (16048 turns).

funnyparkerb the Bludgeoner (Minotaur Monk)        Turns: 16048, Time: 00:30:15

Health: -1/106     AC: 19    Str: 26    XL:     12   Next: 50%
Magic:  16/16      EV: 26    Int: 13    God:    Okawaru [*****.]
Gold:   738        SH:  0    Dex: 14    Spells: 11/11 levels left

rFire   . . .      SeeInvis .   s - +1 great mace (holy)
rCold   . . .      Faith    .   (shield currently unavailable)
rNeg    . . .      Spirit   .   q - +0 plate armour
rPois   .          Reflect  .   e - +1 hat
rElec   .          Harm     .   r - +2 cloak
rCorr   .          Rampage  .   (no gloves)
Will    .....                   j - +0 pair of boots
Stlth   ..........              f - amulet of the acrobat
HPRegen 0.27/turn               x - +6 ring of intelligence
MPRegen 0.15/turn               y - +6 ring of strength

@: acrobatic, slowed, very slow
A: horns 2, retaliatory headbutt
a: Renounce Religion, Heroism, Finesse, Duel


You were on level 2 of the Lair of Beasts.
You worshipped Okawaru.
Okawaru was extremely pleased with you.
You visited 3 branches of the dungeon, and saw 14 of its levels.
You visited the Abyss 1 time.
You also visited: Sewer.

You collected 738 gold pieces.

Inventory:

Hand Weapons
 a - a +0 morningstar
 s - a +1 great mace of holy wrath (weapon)
Missiles
 o - a boomerang of dispersal (quivered)
 H - 5 atropa-tipped darts
 M - 3 silver javelins
 N - 5 javelins
 P - a curare-tipped dart
 Q - 2 boomerangs
 U - 4 datura-tipped darts
Armour
 e - a +1 hat (worn)
 j - a +0 pair of boots (worn)
 q - a +0 plate armour (worn)
 r - a +2 cloak (worn)
 J - a +0 buckler
Jewellery
 f - an amulet of the acrobat (around neck)
 i - an amulet of guardian spirit
 x - a +6 ring of intelligence (left hand)
 y - a +6 ring of strength (right hand)
 F - a +6 ring of intelligence
 I - a ring of resist corrosion
Wands
 b - a wand of flame (16)
 v - a wand of iceblast (11)
 A - a wand of light (6)
 O - a wand of paralysis (13)
 S - a wand of mindburst (5)
Scrolls
 g - 3 scrolls of magic mapping
 k - 4 scrolls of butterflies
 l - 6 scrolls of teleportation {unknown}
 m - 2 scrolls of vulnerability
 p - a scroll of poison
 w - a scroll of brand weapon
 z - a scroll of silence
 C - 2 scrolls of fear
 D - 3 scrolls of blinking
 G - 2 scrolls of amnesia
 L - 2 scrolls of noise
 T - a scroll of enchant weapon {unknown}
 W - 2 scrolls of summoning {unknown}
 X - a scroll of identify
Potions
 c - 3 potions of ambrosia
 d - 2 potions of degeneration {unknown}
 h - 6 potions of lignification {unknown}
 n - 6 potions of curing
 t - a potion of haste {unknown}
 u - a potion of cancellation {unknown}
 B - a potion of berserk rage {unknown}
 E - 3 potions of mutation {unknown}
 K - a potion of brilliance {unknown}
 R - 2 potions of might {unknown}
 V - a potion of invisibility {unknown}


   Skills:
 * Level 9.7 Fighting
 - Level 16.0 Maces & Flails
 + Level 5.7 Throwing
 + Level 8.7 Armour
 * Level 9.8 Dodging
 - Level 1.5 Stealth
 - Level 3.0 Shields
 - Level 7.0 Invocations


You had 11 spell levels left.
You didn't know any spells.
Your spell library contained the following spells:

 Spells                   Type           Power      Damage    Failure   Level
 Necrotise                Necr           0%         1d4       97%         1
 Static Discharge         Conj/Air       0%         3-3/arc   99%         2
 Frozen Ramparts          Ice            0%         1d1       100%        3
 Vampiric Draining        Necr           0%         2d6       100%        3
 Ice Form                 Ice/Tmut       0%         N/A       100%        4
 Agony                    Necr           0%         N/A       100%        5
 Borgnjor's Vile Clutch   Necr/Erth      0%         N/A       100%        5
 Lightning Bolt           Conj/Air       0%         1d11      100%        5
 Eringya's Noxious Bog    Tmut/Pois      0%         N/A       100%        6
 Maxwell's Capacitive Co  Air            0%         ∞         100%        8
 Animate Dead             Necr           Unusable   N/A       N/A         4
 Summon Ice Beast         Ice/Summ       Unusable   N/A       N/A         4
 Summon Forest            Summ/Tloc      Unusable   N/A       N/A         5
 Death Channel            Necr           Unusable   N/A       N/A         6
 Summon Hydra             Summ           Unusable   N/A       N/A         7

Dungeon Overview and Level Annotations

Branches:
Dungeon (11/15)            Temple (1/1) D:7            Lair (2/5) D:9
  Swamp (0/4) Lair:2          Orc (0/2) D:11          Sewer (visited)
  Snake: Lair:2-3    Spider: Lair:2-3

Altars:
Ashenzari
Dithmenos
Elyvilon
Fedhas
Gozag
Hepliaklqana
Kikubaaqudgha
Makhleb
Nemelex Xobeh
Okawaru
Qazlal
Ru
Sif Muna
Trog
Uskayaw
Vehumet
Wu Jian
Xom
Yredelemnul
Zin
The Shining One

Shops:
D:1 !   D:5 [   D:11 [

Annotations:
Lair:1 exclusion: oklob plant


Innate Abilities, Weirdness & Mutations

You have a pair of horns on your head.
You reflexively headbutt those who attack you in melee.


Message History

The bullfrog hits you but does no damage.
You barely miss the bullfrog. Your headbutt misses the bullfrog.
The bullfrog is almost dead.
The bullfrog barely misses you. You furiously retaliate!
You headbutt the bullfrog.
You kill the bullfrog!
Okawaru accepts your kill.
No target in view!
Okay, then.
HP restored.
You now have 738 gold pieces (gained 19).
A bog body comes into view.
The bog body points at you and mumbles some strange words.
The bolt of cold misses you.
Found a staircase to the Swamp.
The bog body misses you.
You bludgeon the bog body!!
The bog body convulses!
The bog body is almost destroyed.
The bog body casts a spell at you. You resist with significant effort.
A bog body comes into view.
You barely miss the bog body.
The bog body is almost destroyed.
The bog body touches you but does no damage.
You completely miss the bog body.
The bog body is almost destroyed.
The bog body points at you and mumbles some strange words.
The bolt of cold hits you!!! The bog body touches you.
The bog body freezes you!!
You are too injured to fight recklessly!
You are too injured to fight recklessly!
The bog body attacks as you move away! The bog body closely misses you.
The bog body attacks as you move away! The bog body touches you.
The bog body freezes you!!
* * * LOW HITPOINT WARNING * * *
The bog body points at you and mumbles some strange words.
You feel yourself slow down. The bog body attacks as you move away!
The bog body completely misses you. The bog body casts a spell at you.
The bolt of cold hits you!!
You die...

...... .§... # .......###.§§§
.# .......#P§§~§♣§.#
......§.§.§§§~§ ........§§§§§
.. ..........§♣ ♣~..
..............♣~~...
......P#....nn....... .......
##..@....#....
..........#.....#.## ...
.........###....?#.. .
...........##..........
#..........................##
...................P##........
...................##..........
#...........#......##..........
P...........##.................


You could see 2 bog bodies.

Vanquished Creatures
  A boulder beetle (D:11)
  Erolcha (D:11)
  A two-headed ogre (D:10)
  A catoblepas (Lair:1)
  Amaemon (Lair:1)
  Pikel (D:3)
  A cyclops (D:9)
  6 centaur zombies (D:11)
  The ghost of quakins the Thaumaturge, a novice GrEE of Vehumet (D:9)
  Joseph (D:7)
  An unseen horror (D:11)
  An orange demon (Lair:1)
  Maggie (D:6)
  A gargoyle (D:10)
  A torpor snail (Lair:1)
  A cane toad (Lair:1)
  A komodo dragon (Lair:1)
  A polar bear (Lair:2)
  3 trolls
  Prince Ribbit (D:5)
  Sigmund (D:4)
  A shadow (D:10)
  20 yaks
  Eustachio (D:5)
  4 vampires
  3 wyverns
  A basilisk (Lair:1)
  Grum (D:11)
  A swamp worm (D:7)
  2 steam dragons
  Menkaure (D:5)
  4 water moccasins
  6 orc warriors
  An ogre (D:7)
  Pargi (Sewer)
  15 wolves
  3 centaurs
  A kobold brigand (D:8)
  Blork the orc (D:6)
  11 bullfrogs
  A necrophage (D:8)
  A gnoll sergeant (D:11)
  5 scorpions
  8 wights
  16 killer bees
  3 electric eels
  3 howler monkeys
  A crimson imp (D:4)
  2 jellies
  5 orc priests
  8 hounds
  A boggart zombie (D:11)
  3 gnoll boudas
  6 iguanas
  15 orc wizards
  5 adders
  21 gnolls
  A worm (D:3)
  3 dart slugs
  49 orcs
  6 ball pythons
  4 bats
  7 endoplasms
  11 giant cockroaches
  8 goblins
  A hobgoblin (D:2)
  2 jackals (D:2)
  14 kobolds
  3 quokkas
  2 frilled lizards
  2 goblin skeletons (D:4)
  7 hobgoblin zombies (D:4)
  3 kobold skeletons (D:4)
  An orc skeleton (D:4)
  5 rats
339 creatures vanquished.

Vanquished Creatures (others)
  4 orcs (D:6)
  19 fungi (Lair:1)
  80 plants
  3 withered plants (D:11)
106 creatures vanquished.

Grand Total: 445 creatures vanquished

Notes
Turn   | Place    | Note
-------+----------+-------------------------------------------
     0 | D:1      | funnyparkerb the Minotaur Monk began the quest for the Orb.
     0 | D:1      | Reached XP level 1. HP: 19/19 MP: 0/0
   311 | D:1      | Reached skill level 4 in Maces & Flails
   336 | D:1      | Reached XP level 2. HP: 23/26 MP: 1/1
   381 | D:1      | Found Giaf's Distillery.
   912 | D:1      | Found a faded altar of an unknown god.
  1000 | D:2      | Reached skill level 5 in Maces & Flails
  1033 | D:2      | Reached XP level 3. HP: 31/31 MP: 2/2
  1070 | D:2      | Found a bloodstained altar of Trog.
  2065 | D:3      | Reached XP level 4. HP: 39/39 MP: 3/3
  2136 | D:3      | Reached skill level 6 in Maces & Flails
  2444 | D:4      | Noticed Pikel
  2444 | D:4      | Noticed a lemure
  2444 | D:4      | Noticed a lemure
  2444 | D:4      | Noticed a lemure
  2445 | D:4      | Noticed a lemure
  2461 | D:3      | Killed Pikel
  2462 | D:3      | Reached skill level 8 in Maces & Flails
  2462 | D:3      | Reached XP level 5. HP: 27/50 MP: 4/4
  2462 | D:3      | Reached XP level 6. HP: 31/57 MP: 5/5
  2627 | D:4      | Noticed Sigmund
  2633 | D:4      | Killed Sigmund
  2634 | D:4      | Reached XP level 7. HP: 54/63 MP: 6/6
  2728 | D:4      | Found a glowing golden altar of the Shining One.
  2863 | D:4      | Reached skill level 5 in Dodging
  2869 | D:4      | Found a glowing drain.
  2879 | Sewer    | Entered a sewer
  3005 | Sewer    | Noticed Pargi
  3011 | Sewer    | Killed Pargi
  3103 | D:4      | Found a shimmering blue altar of Sif Muna.
  3173 | D:4      | Reached XP level 8. HP: 6/70 MP: 7/7
  3750 | D:5      | Entered Level 5 of the Dungeon
  3750 | D:5      | Noticed Eustachio
  3769 | D:5      | Killed Eustachio
  3798 | D:5      | Noticed Prince Ribbit
  3809 | D:5      | Found Lopluof's Armour Shop.
  3812 | D:5      | Killed Prince Ribbit
  4477 | D:5      | Found a glowing silver altar of Zin.
  4492 | D:5      | Noticed Menkaure
  4496 | D:5      | Killed Menkaure
  5014 | D:6      | Reached skill level 9 in Maces & Flails
  5208 | D:6      | Noticed Blork the orc
  5214 | D:6      | Killed Blork the orc
  5215 | D:6      | Reached skill level 5 in Throwing
  5215 | D:6      | Reached XP level 9. HP: 66/79 MP: 8/8
  5397 | D:6      | Reached skill level 10 in Maces & Flails
  5700 | D:6      | Noticed Maggie
  5721 | D:6      | Killed Maggie
  5722 | D:6      | Reached skill level 11 in Maces & Flails
  6317 | D:7      | Noticed Joseph
  6324 | D:7      | Reached skill level 5 in Armour
  6358 | D:7      | Killed Joseph
  6936 | D:7      | Found a staircase to the Ecumenical Temple.
  6944 | D:7      | Reached XP level 10. HP: 86/86 MP: 9/9
  6948 | Temple   | Entered the Ecumenical Temple
  6970 | Temple   | Became a worshipper of Warmaster Okawaru
  6970 | Temple   | Reached * piety under Okawaru
  6970 | Temple   | Reached ** piety under Okawaru
  6998 | D:7      | Reached skill level 1 in Invocations
  7353 | D:7      | Found a shadowy altar of Dithmenos.
  8089 | D:8      | Found a bloodstained altar of Trog.
  8095 | D:8      | Found an ornate altar of the Wu Jian Council.
  8269 | D:8      | You fall into a shaft and drop 1 floor!
  8386 | D:9      | Reached *** piety under Okawaru
  8410 | D:9      | Reached skill level 5 in Invocations
  8426 | D:9      | Reached skill level 12 in Maces & Flails
  8433 | D:10     | Entered Level 10 of the Dungeon
  8438 | D:10     | Received a gift from Okawaru
  8654 | D:10     | Reached skill level 13 in Maces & Flails
  8824 | D:9      | Noticed a cyclops
  8833 | D:9      | Killed a cyclops
  9255 | D:9      | Reached **** piety under Okawaru
  9387 | D:9      | Reached skill level 14 in Maces & Flails
  9387 | D:9      | Reached XP level 11. HP: 89/92 MP: 13/13
 10209 | D:9      | Found a staircase to the Lair.
 10349 | D:9      | Reached skill level 15 in Maces & Flails
 10398 | D:9      | Found a runed translucent gate.
 10398 | D:9      | Found a runed translucent gate.
 10399 | D:9      | Found a runed translucent gate.
 10399 | D:9      | Noticed quakins's ghost (novice GrEE)
 10693 | D:9      | Killed quakins's ghost
 10746 | D:9      | Identified the +3 falchion "Wyzem" {speed, rPois Dex+2}
 10788 | D:10     | Found a broken altar of Ashenzari.
 10852 | D:10     | Found a basalt altar of Yredelemnul.
 10972 | D:10     | Found a white marble altar of Elyvilon.
 10972 | D:10     | Found a burning altar of Makhleb.
 11131 | D:10     | Identified the +0 helmet of Yfusovvofai {rElec}
 11967 | D:11     | Received a gift from Okawaru
 12126 | D:11     | Reached ***** piety under Okawaru
 12363 | D:11     | Reached skill level 16 in Maces & Flails
 12369 | D:11     | Noticed Erolcha
 12385 | Abyss:1  | Found a corrupted altar of Lugonu.
 12385 | Abyss:1  | Cast into level 1 of the Abyss (Erolcha)
 12497 | D:11     | Escaped the Abyss
 12502 | D:11     | Killed Erolcha
 12584 | D:11     | Noticed a boulder beetle
 12603 | D:11     | Killed a boulder beetle
 12604 | D:11     | Reached skill level 1 in Shields
 12613 | D:11     | Noticed a two-headed ogre
 12873 | D:10     | Killed a two-headed ogre
 13016 | D:11     | Noticed Grum
 13036 | D:11     | Killed Grum
 13374 | D:11     | Received a gift from Okawaru
 13375 | D:11     | Reached XP level 12. HP: 95/101 MP: 16/16
 13409 | D:11     | Received a gift from Okawaru
 14034 | D:11     | Found a staircase to the Orcish Mines.
 14147 | D:11     | Found Zeducaeg's Antique Armour Shop.
 14446 | Lair:1   | Entered Level 1 of the Lair of Beasts
 14507 | Lair:1   | Noticed Amaemon
 14561 | Lair:1   | Killed Amaemon
 14727 | Lair:1   | Noticed a catoblepas
 14772 | Lair:1   | HP: 5/103 [catoblepas (9)]
 14778 | Lair:1   | Killed a catoblepas
 14778 | Lair:1   | Received a gift from Okawaru
 15305 | Lair:1   | Received a gift from Okawaru
 15456 | Lair:1   | Found a blossoming altar of Fedhas.
 16043 | Lair:2   | Found a staircase to the Swamp.
 16048 | Lair:2   | Killed from afar by a bog body

Illustrated notes

Levels and vault maps discovered:
D:1:      erik_arrival_triangle_small, layout_rooms,
          hellmonk_ecumenical_altar_blasted, serial_shops,
          nicolae_shop_statue_plus
D:2:      layout_basic, basic_altar
D:3:      layout_basic, serial_forest, infiniplex_forest_clump_curved,
          infiniplex_forest_pool, infiniplex_forest_lined_ring,
          infiniplex_forest_corner_1, infiniplex_forest_lined_2,
          infiniplex_forest_lined_2, infiniplex_forest_clump_double,
          infiniplex_forest_lined_corner, infiniplex_forest_clump_double
D:4:      layout_gridville, nicolae_sif_muna_little_library,
          nicolae_tso_besieged_by_evil, gup_sewer_entry_pipe, uniq_sigmund,
          uniq_pikel
D:5:      layout_basic, lemuel_crystal_altar, serial_shops, shop,
          uniq_eustachio, uniq_prince_ribbit1, uniq_menkaure
D:6:      layout_basic, chequers_serial_rivers_small_b,
          kennysheep_big_empty_room, uniq_maggie, uniq_blork_the_orc
D:7:      layout_rooms, mainiacjoe_overflow_alcove_4, minmay_temple_entry_grid,
          worms_lemuel, uniq_joseph
D:8:      layout_basic, amethyst_overflow_temple_binary
D:9:      layout_irregular_city, erik_lair_island, ebering_ghost_rock_garden
D:10:     layout_loops_ring, mainiacjoe_overflow_tiny_flanked,
          nicolae_ashenzari_panopticon, gammafunk_temple_overflow_elements
D:11:     layout_basic, hiddenorc1_lemuel, serial_undead, serial_undead_e,
          serial_undead_c, serial_undead_f, serial_undead_d, serial_undead_d,
          serial_shops, nicolae_shop_advertising_works
          [nicolae_subvault_shop_adworks], uniq_grum, uniq_erolcha
Temple:   nicolae_temple_bog_church
Lair:1:   layout_concentric_octagons, portal_ice_cave_entry_pillars_2,
          tgw_fedhas, uniq_amaemon
Lair:2:   layout_small_grid, skrybe_swamp_entry_bodies,
          nicolae_spider_entry_orb_guardian, chequers_serial_rivers_micro_a

Skill      XL: |  1  2  3  4  5  6  7  8  9 10 11 12 |
---------------+-------------------------------------+-----
Maces & Flails | 4 5 8 9 11 14 16 | 16.0
Fighting       | 6 7 8 9 |  9.7
Armour         | 2 4 6 7 8 |  8.7
Dodging        | 6 7 8 9 |  9.8
Throwing       | 5 |  5.7
Invocations    | 5 7 |  7.0
Shields        | 3 |  3.0
Stealth        | |  1.5

Action                   |  1- 3 |  4- 6 |  7- 9 | 10-12 || total
-------------------------+-------+-------+-------+-------++-------
Melee: Mace              |    91 |    20 |   257 |       ||   368
       Headbutt          |    11 |     3 |    85 |   138 ||   237
       Punch             |     1 |       |     5 |       ||     6
       Flail             |       |       |   122 |    55 ||   177
       Morningstar       |       |       |       |   587 ||   587
       Great mace        |       |       |       |    35 ||    35
Throw: Dart              |       |     1 |     8 |     6 ||    15
       Javelin           |       |       |       |     3 ||     3
       Boomerang         |       |       |       |     2 ||     2
Invok: Heroism           |       |       |       |     5 ||     5
       Finesse           |       |       |       |     4 ||     4
Evoke: Wand              |       |       |       |     5 ||     5
  Use: Potion            |       |       |     2 |     5 ||     7
       Scroll            |       |       |     8 |     2 ||    10
 Stab: Sleeping          |     1 |       |       |       ||     1
       Invisible         |       |       |       |     1 ||     1
Armor: Robe              |     3 |       |       |       ||     3
       Ring mail         |    20 |       |       |       ||    20
       Plate armour      |     1 |     8 |   216 |   477 ||   702
Dodge: Dodged            |    63 |    11 |   168 |   401 ||   643
Block: Buckler           |       |       |    23 |   119 ||   142
